cohdb
Replays
Latest Replays
All Replays
Popular Replays
Top Player Replays
Match Explorer
How It Works
Community
CoH3 Stats
Reddit
Sign in to upload your games and track your stats! →
Sign in with Steam
Match 41373686
Unlisted
Match 41373686
Overview
Messages
Build Orders
End
Construct Barracks
Selects Advanced Infantry Battlegroup
Riflemen Squad
M1 Mortar Team
Riflemen Squad
Grenade Package
Construct Weapon Support Center
Bazooka Squad
Selects Convert to Ranger Squad
Convert to Ranger Squad
Selects Frontline Medical Station
M1919 Machine Gun Team
ira88
撸管大神★海角之王【
kindjoo21
cpu noob
既已至此 先吃吃惹
Valdai
生是中国人死是中国僵
GrayFox
0
0
Comments
sign in to comment!
No comments posted yet!